Map: Vaani Research Station (Void)

Players

Matiz

  • Race: Zerg Zerg
  • League: Master
  • Spawn Location: 12:00

Nedi

  • Race: Zerg Zerg
  • League: Master
  • Spawn Location: 6:00

BluE - Winner!

  • Race: Protoss Protoss
  • League: Master

AnDreJOO - Winner!

  • Race: Protoss Protoss
  • League: Master

VOD

Have the link to the VOD?

Description

Time

  • Played on: Nov. 26, 2016, 11:42 a.m.
  • Length: 11:42
Show
View Real Time Build Order
Export as new Build Order

Matiz Zerg 

Build Orders: Hatch First, Muta Ling Bane 

Get SALT Encoding   

  12  0:01  Drone  
  13  0:15  Overlord  
  13  0:18  Drone  
  14  0:24  Drone, Extractor  
  15  0:34  Drone  
  16  0:38  Drone  
  17  0:55  Hatchery  
  17  0:56  Drone  
  17  1:00  Drone  
  18  1:14  Spawning Pool  
  18  1:15  Extractor  
  16  1:19  Drone  
  16  1:22  Drone  
  18  1:32  Drone  
  19  1:50  Drone  
  20  1:59  Hatchery  
  19  2:02  Queen  
  19  2:07  Drone x2  
  23  2:11  Drone  
  24  2:17  Queen  
  26  2:24  Overlord  
  26  2:30  Metabolic Boost  
  26  2:35  Drone  
  26  2:36  Drone  
  28  2:44  Drone x3  
  30  2:50  Drone x2  
  33  2:57  Overlord  
  33  3:04  Overlord  
  33  3:15  Queen  
  33  3:16  Drone  
  36  3:20  Zergling x4  
  36  3:21  Zergling x6  
  36  3:26  Drone x3  
  36  3:27  Drone x2  
  45  3:31  Pneumatized Carapace  
  46  3:43  Evolution Chamber  
  46  3:44  Drone x2  
  47  3:52  Drone  
  47  3:53  Overlord, Drone x2  
  50  3:57  Extractor  
  50  3:59  Spore Crawler  
  50  4:00  Drone x2  
  50  4:03  Overlord  
  50  4:11  Roach Warren, Overlord  
  50  4:16  Drone x5  
  54  4:24  Zergling x6  
  55  4:25  Zergling x4  
  55  4:31  Overlord  
  58  4:34  Spore Crawler  
  58  4:36  Lair  
  57  4:43  Overlord  
  57  4:44  Drone x2  
  57  4:45  Drone x2  
  58  4:47  Extractor  
  58  4:49  Spore Crawler, Drone  
  58  4:50  Drone  
  58  4:51  Drone  
  59  4:58  Overlord  
  58  5:00  Drone x4  
  58  5:04  Drone x2  
  63  5:08  Overlord  
  63  5:15  Roach, Extractor  
  63  5:16  Roach x3  
  63  5:19  Roach x2  
  74  5:22  Roach  
  74  5:23  Roach  
  77  5:29  Drone  
  76  5:40  Ravager  
  63  5:45  Drone x2  
  63  5:46  Drone x5  
  63  5:47  Drone x3  
  63  5:49  Drone  
  64  5:55  Drone x3  
  62  6:00  Drone x2  
  62  6:08  Drone x3  
  62  6:10  Drone  
  66  6:21  Spire  
  66  6:23  Drone  
  66  6:25  Drone  
  67  6:27  Drone x3  
  67  6:29  Drone  
  67  6:31  Drone  
  72  6:33  Drone  
  72  6:35  Drone  
  72  6:36  Drone x2  
  72  6:39  Drone  
  75  6:44  Drone  
  75  6:46  Extractor  
  74  6:49  Zergling x6  
  74  6:50  Drone  
  78  6:55  Ravager  
  78  6:58  Zergling x2  
  78  6:59  Drone  
  78  7:00  Overlord  
  81  7:05  Baneling Nest  
  76  7:16  Drone x4  
  76  7:21  Drone x4  
  80  7:25  Extractor  
  77  7:31  Queen  
  77  7:32  Drone  
  77  7:35  Overlord  
  80  7:38  Mutalisk x3  
  80  7:39  Mutalisk x5  
  96  7:51  Mutalisk x2  
  96  7:55  Hatchery  
  98  7:58  Ravager  
  98  8:04  Zergling x8, Zerg Flyer Weapons Level 1  
  98  8:05  Zergling x4  
  104  8:06  Drone  
  105  8:16  Drone x2  
  105  8:17  Drone  
  105  8:19  Mutalisk x2  
  110  8:22  Zergling x8  
  114  8:29  Zergling x4  
  114  8:34  Overlord  
  116  8:44  Zerg Melee Weapons Level 1  
  116  8:47  Drone x5  
  116  8:48  Drone  
  122  8:49  Overlord  
  122  8:50  Centrifical Hooks  
  122  8:52  Drone x2  
  122  8:53  Hatchery  
  123  9:00  Zergling x2, Overlord  
  123  9:02  Roach x3  
  128  9:16  Roach x3  
  134  9:17  Zergling x8  
  134  9:22  Zergling x6, Roach  
  140  9:27  Baneling x2  
  132  9:37  Ravager  
  132  9:38  Ravager x4  
  136  9:39  Zergling x10  
  136  9:40  Zergling x10, Overlord  
  136  9:41  Baneling x3  
  136  9:42  Baneling x5  
  146  9:46  Zergling x4  
  146  9:51  Zergling x4  
  138  9:54  Zergling x4, Roach  
  138  9:58  Zergling x2  
  138  9:59  Zergling x6  
  120  10:02  Zergling x10  
  102  10:08  Queen  
  102  10:10  Zergling x2  
  102  10:13  Zergling x2, Roach x2  
  102  10:18  Overseer, Baneling x8  
  102  10:19  Baneling x2  
  94  10:22  Roach  
  94  10:23  Overseer  
  94  10:25  Queen x2, Roach x4  
  94  10:26  Zergling x2  
  104  10:30  Baneling  
  104  10:31  Baneling x3  
  104  10:35  Zergling x2  
  104  10:37  Overlord x3  
  102  10:45  Zergling x10, Overseer  
  102  10:48  Zergling x2  
  98  10:52  Zergling x4  
  98  10:54  Zergling x2  
  68  11:15  Zergling x8  
  68  11:16  Zergling x12  
Show
View Real Time Build Order
Export as new Build Order

Nedi Zerg 

Build Orders:  

Get SALT Encoding   

  12  0:00  Probe (Chrono Boost)  
  13  0:11  Probe (Chrono Boost)  
  14  0:18  Pylon  
  14  0:22  Probe (Chrono Boost)  
  15  0:37  Probe (Chrono Boost)  
  15  0:39  Gateway  
  16  0:47  Probe (Chrono Boost)  
  17  0:50  Assimilator  
  17  0:58  Probe (Chrono Boost)  
  18  1:08  Probe (Chrono Boost)  
  19  1:23  Nexus  
  19  1:26  Probe (Chrono Boost)  
  20  1:36  Cybernetics Core  
  21  1:40  Probe (Chrono Boost)  
  21  1:45  Assimilator  
  21  1:50  Probe (Chrono Boost)  
  22  1:59  Pylon  
  22  2:01  Probe (Chrono Boost)  
  23  2:13  Warp Gate, Stalker  
  23  2:21  Probe (Chrono Boost)  
  26  2:33  Mothership Core (Chrono Boost)  
  26  2:35  Probe (Chrono Boost)  
  29  2:43  Adept  
  31  2:46  Probe (Chrono Boost)  
  32  2:51  Probe (Chrono Boost)  
  32  2:53  Twilight Council  
  32  2:56  Probe (Chrono Boost)  
  34  3:02  Probe (Chrono Boost)  
  35  3:07  Probe (Chrono Boost)  
  37  3:13  Probe (Chrono Boost)  
  37  3:17  Robotics Facility, Resonating Glaives  
  37  3:18  Probe (Chrono Boost)  
  38  3:21  Pylon  
  38  3:23  Probe (Chrono Boost)  
  39  3:29  Probe (Chrono Boost)  
  39  3:34  Probe (Chrono Boost)  
  42  3:41  Probe (Chrono Boost)  
  42  3:42  Gateway  
  42  3:44  Gateway  
  42  3:46  Probe (Chrono Boost)  
  43  3:57  Dark Shrine  
  43  3:59  Probe (Chrono Boost), Warp Prism  
  43  4:00  Probe (Chrono Boost)  
  48  4:11  Probe (Chrono Boost), Pylon  
  48  4:15  Probe (Chrono Boost)  
  49  4:23  Probe (Chrono Boost)  
  50  4:26  Adept  
  45  4:47  Adept x3  
  51  4:56  Probe (Chrono Boost)  
  51  4:57  Probe (Chrono Boost)  
  53  5:04  Gateway  
  53  5:06  Probe (Chrono Boost)  
  54  5:10  Probe (Chrono Boost)  
  54  5:13  Dark Templar x2  
  59  5:14  Pylon  
  59  5:21  Probe (Chrono Boost)  
  61  5:23  Probe (Chrono Boost)  
  61  5:25  Assimilator  
  61  5:27  Assimilator  
  61  5:31  Probe (Chrono Boost)  
  56  5:59  Probe (Chrono Boost), Immortal  
  56  6:00  Nexus  
  56  6:01  Stalker x2  
  56  6:02  Stalker  
  56  6:03  Pylon  
  56  6:04  Pylon  
  59  6:05  Forge  
  59  6:06  Pylon  
  59  6:10  Probe (Chrono Boost)  
  64  6:16  Probe (Chrono Boost)  
  65  6:22  Probe (Chrono Boost), Gateway  
  65  6:25  Gateway  
  66  6:26  Gateway  
  66  6:37  Dark Templar x3  
  73  6:40  Probe (Chrono Boost)  
  73  6:47  Probe (Chrono Boost), Protoss Ground Weapons Level 1  
  73  6:50  Archon  
  73  6:51  Archon  
  73  6:52  Probe (Chrono Boost), Charge  
  74  6:59  Probe (Chrono Boost)  
  74  7:04  Probe (Chrono Boost)  
  75  7:11  Probe (Chrono Boost)  
  75  7:15  Immortal  
  77  7:16  Probe (Chrono Boost)  
  82  7:23  Probe (Chrono Boost)  
  82  7:24  Probe (Chrono Boost)  
  82  7:27  Zealot x4  
  92  7:31  Probe (Chrono Boost)  
  92  7:35  Probe x2 (Chrono Boost)  
  94  7:40  Dark Templar  
  94  7:43  Probe (Chrono Boost), Dark Templar  
  99  7:45  Probe (Chrono Boost)  
  99  7:47  Probe (Chrono Boost), Archon  
  99  7:49  Pylon  
  101  7:53  Immortal, Assimilator  
  101  7:54  Assimilator  
  101  7:55  Probe (Chrono Boost)  
  101  7:56  Probe (Chrono Boost)  
  104  7:59  Probe (Chrono Boost)  
  109  8:07  Probe x2 (Chrono Boost)  
  110  8:21  Dark Templar x2, Zealot  
  110  8:25  Pylon  
  110  8:26  Archon  
  116  8:27  Pylon  
  116  8:29  Pylon  
  116  8:32  Pylon x2  
  116  8:34  Pylon, Warp Prism  
  116  8:35  Pylon x2  
  116  8:59  Dark Templar x3  
  116  9:00  Dark Templar, Pylon  
  122  9:03  Archon x2  
  115  9:18  Adept  
  115  9:20  Adept  
  90  9:33  Probe (Chrono Boost)  
  90  9:34  Dark Templar  
  90  9:35  Dark Templar, Zealot x2  
  93  9:38  Archon  
  67  10:08  Dark Templar  
  67  10:11  Stalker  
  67  10:12  Stalker  
  73  10:15  Zealot x3  
  77  10:39  Probe (Chrono Boost)  
  77  10:40  Probe x2 (Chrono Boost)  
  78  10:49  Probe (Chrono Boost)  
  77  10:52  Probe (Chrono Boost)  
  75  10:57  Probe (Chrono Boost)  
  75  11:00  Probe (Chrono Boost)  
  75  11:04  Probe (Chrono Boost)  
  75  11:09  Probe (Chrono Boost)  
  75  11:10  Probe (Chrono Boost)  
  65  11:18  Probe (Chrono Boost)  
  56  11:21  Probe (Chrono Boost)  
  53  11:30  Probe (Chrono Boost)  
  53  11:31  Probe (Chrono Boost)  
Show
View Real Time Build Order
Export as new Build Order

BluE Protoss - Winner!

Build Orders:  

Get SALT Encoding   

Show
View Real Time Build Order
Export as new Build Order

AnDreJOO Protoss - Winner!

Build Orders:  

Get SALT Encoding   

Tags
 
Add a new tag
Caveats
  • Supply blocks, unpowered buildings, or Contaminate may cause inaccurate times.
  • Supply counts are checked every 10 seconds.